 Dungeon Crawl Stone Soup version 0.23.2 (webtiles) character file.

Game seed: 2901906667764124380

1010 Borgoz the Shield-Bearer (level 8, -2/48 HPs)
             Began as a Gargoyle Fighter on Mar 31, 2019.
             Was an Initiate of Ashenzari.
             Slain by an ogre
             ... wielding a +0 giant club
              (19 damage)
             ... on level 5 of the Dungeon.
             The game lasted 00:08:12 (4448 turns).

Borgoz the Shield-Bearer (Gargoyle Fighter)         Turns: 4448, Time: 00:08:12

Health: -2/48      AC: 14    Str: 20 (21) XL:     8   Next: 21%
Magic:  8/8        EV: 11    Int:  7 (8)  God:    Ashenzari [......]
Gold:   242        SH:  0    Dex: 10 (11) Spells: 7/7 levels left

rFire    . . .     SeeInvis .   a - +0 rapier
rCold    . . .     Gourm    .   (no shield)
rNeg     + . .     Faith    .   b - +0 scale mail
rPois    ∞         Spirit   .   u - +2 hat {MR+}
rElec    +         Reflect  .   (no cloak)
rCorr    .         Harm     .   (no gloves)
MR       +....                  (no boots)
Stlth    +.........             (no amulet)
HPRegen  0.16/turn              (no ring)
MPRegen  0.11/turn              (no ring)

@: no status effects
A: negative energy resistance 1, electricity resistance, unbreathing,
petrification resistance, rot immunity, AC +5
a: Curse Item, Renounce Religion


You were on level 5 of the Dungeon.
You worshipped Ashenzari.
Ashenzari was noncommittal.
You were not hungry.

You visited 2 branches of the dungeon, and saw 6 of its levels.

You collected 242 gold pieces.

Inventory:

Hand Weapons
 a - a +0 rapier (weapon)
Missiles
 w - 2 tomahawks (quivered)
Armour
 b - a +0 scale mail (worn)
 c - a +0 shield
 u - a +2 hat of magic resistance (worn)
Jewellery
 k - an uncursed ring of magical power
Scrolls
 d - 2 scrolls of fog {unknown}
 g - 3 scrolls of teleportation {unknown}
 h - a scroll of magic mapping {unknown}
 l - a scroll of enchant weapon {unknown}
 m - a scroll of amnesia {unknown}
 n - a scroll of blinking {unknown}
 o - 2 scrolls of identify {unknown}
Potions
 e - a potion of haste
 i - a potion of agility {unknown}
 j - a potion of invisibility {unknown}
 q - 2 potions of resistance {unknown}
 r - a potion of berserk rage {unknown}
 t - a potion of magic {unknown}
 x - 2 potions of mutation {unknown}
 z - 2 potions of heal wounds {unknown}
Comestibles
 f - 7 rations
 v - 6 chunks of flesh


   Skills:
 + Level 4.8 Fighting
 * Level 4.5 Short Blades
 + Level 4.7 Armour
 * Level 3.6 Dodging
 + Level 3.4 Stealth
 + Level 4.9 Shields


You had 7 spell levels left.
You didn't know any spells.
Your spell library was empty.

Dungeon Overview and Level Annotations

Branches:
Dungeon (5/15)             Temple (1/1) D:4

Altars:
Ashenzari
Cheibriados
Dithmenos
Fedhas
Hepliaklqana
Makhleb
Nemelex Xobeh
Okawaru
Qazlal
Ru
Sif Muna
Trog
Uskayaw
Vehumet
Wu Jian
Xom
Yredelemnul
Zin
The Shining One


Innate Abilities, Weirdness & Mutations

You are resistant to torment.
Your stone body is resilient. (AC +5)
You are immune to poison.
You resist negative energy. (rN+)
You are resistant to electric shocks. (rElec)
You can survive without breathing.
You are immune to petrification.
You are immune to rotting.


Message History

You closely miss the ogre.
The ogre is moderately wounded.
Your scale mail prevents you from hitting the ogre.
The ogre is moderately wounded.
The ogre hits you with a +0 giant club!
You barely miss the ogre.
The ogre is moderately wounded.
The ogre closely misses you.
You hit the ogre.
The ogre is moderately wounded.
The ogre barely misses you.
You hit the ogre.
The ogre is moderately wounded.
The ogre hits you with a +0 giant club!
* * * LOW HITPOINT WARNING * * *
You feel better.
You hit the ogre.
The ogre is heavily wounded.
The ogre hits you with a +0 giant club!!
You die...

#..#..........
#....#....O##
#..###......##
####...)))..###.##
......####.##
##.## ......# #.##
##.# ......# #.
#.# .....## #.
##O# †.........
#@## ...#######
#.## #..# ... #..#
#.#. #..# #.#.
#..# # #. ..# ..
#.


You could see an ogre.

Vanquished Creatures
  Grinder (D:3)
  A centaur (D:5)
  An ogre (D:4)
  2 hounds
  5 orc priests
  3 orc wizards
  Jessica (D:3)
  Ijyb (D:4)
  5 worker ants
  A worker ant zombie (D:5)
  6 adders
  An ooze (D:2)
  3 worms
  4 dart slugs
  4 leopard geckos
  28 orcs
  2 ball pythons
  5 bats
  5 giant cockroaches
  2 goblins
  7 hobgoblins
  3 jackals (D:1)
  A quokka (D:4)
  8 frilled lizards
  5 kobolds
  7 rats
112 creatures vanquished.

Vanquished Creatures (others)
  A quokka (D:4)
1 creature vanquished.

Grand Total: 113 creatures vanquished

Notes
Turn   | Place    | Note
-------+----------+-------------------------------------------
     0 | D:1      | Borgoz the Gargoyle Fighter began the quest for the Orb.
     0 | D:1      | Reached XP level 1. HP: 14/14 MP: 1/1
   268 | D:1      | Reached XP level 2. HP: 19/19 MP: 2/2
   438 | D:2      | Reached XP level 3. HP: 22/23 MP: 3/3
   442 | D:2      | Reached skill level 1 in Dodging
   681 | D:2      | Reached skill level 1 in Stealth
   702 | D:2      | Reached XP level 4. HP: 18/28 MP: 4/4
   849 | D:2      | Found a shattered altar of Ashenzari.
   909 | D:2      | Became a worshipper of Ashenzari the Shackled
  1169 | D:3      | Reached XP level 5. HP: 23/33 MP: 5/5
  1315 | D:3      | Noticed Jessica
  1320 | D:3      | Noticed Grinder
  1327 | D:3      | Killed Jessica
  1334 | D:3      | Killed Grinder
  1334 | D:3      | Reached XP level 6. HP: 20/38 MP: 6/6
  1993 | D:3      | HP: 1/38 [orc/+0 flail (4)]
  2491 | D:4      | Reached XP level 7. HP: 28/43 MP: 7/7
  2652 | D:4      | Found a shimmering altar of Xom.
  3036 | D:4      | Found a staircase to the Ecumenical Temple.
  3204 | Temple   | Entered the Ecumenical Temple
  3362 | D:4      | Noticed Ijyb
  3619 | D:4      | Killed Ijyb
  4098 | D:5      | Entered Level 5 of the Dungeon
  4178 | D:5      | Reached XP level 8. HP: 33/48 MP: 8/8
  4448 | D:5      | Slain by an ogre

Skill      XL: |  1  2  3  4  5  6  7 |
---------------+----------------------+-----
Short Blades   | 2 3 4 |  4.5
Dodging        | 1 2 3 |  3.6
Stealth        | 1 2 3 |  3.4
Fighting       | 4 |  4.8
Armour         | 4 |  4.7
Shields        | 4 |  4.9

Action                   |  1- 3 |  4- 6 |  7- 9 || total
-------------------------+-------+-------+-------++-------
Melee: Rapier            |   109 |   177 |   283 ||   569
       Unarmed           |       |       |    13 ||    13
  Use: Potion            |       |     7 |     4 ||    11
  Eat: Chunk             |       |     5 |     4 ||     9
       Ration            |       |       |     1 ||     1
Armor: Scale mail        |    60 |   127 |   172 ||   359
       Skin              |       |    23 |     2 ||    25
Dodge: Dodged            |    73 |   128 |   189 ||   390
